 Dungeon Crawl Stone Soup version 0.19.0-23-gf02e663 (webtiles) character file.

2135 RKaid the Cleaver (level 9, 0/70 HPs)
             Began as a Minotaur Berserker on Nov 19, 2016.
             Was a High Priest of Trog.
             Slain by Prince Ribbit (7 damage)
             ... on level 5 of the Dungeon.
             The game lasted 00:10:13 (5485 turns).

RKaid the Cleaver (Minotaur Berserker)              Turns: 5485, Time: 00:10:14

Health: 0/70       AC: 11    Str: 28    XL:     9   Next: 9%
Magic:  8/8        EV: 11    Int: 13    God:    Trog [*****.]
Gold:   83         SH:  0    Dex: 10    Spells: 0 memorised, 8 levels left

rFire  . . .     SeeInvis .     a - +2 war axe (pain)
rCold  . . .     Gourm    .     B - +2 ring mail of Fashionability {MR+ Int+9}
rNeg   . . .     Faith    .     (no shield)
rPois  .         Spirit   .     p - +2 hat
rElec  .         Reflect  .     k - +1 cloak
rCorr  .         Harm     .     (no gloves)
MR     +....                    (no boots)
Stlth  ..........               (no amulet)
                                (no ring)
                                s - +3 ring of strength

@: exhausted, slowed, very slow
A: retaliatory headbutt, horns 2
a: Berserk, Trog's Hand, Brothers in Arms, Burn Spellbooks, Renounce Religion


You were on level 5 of the Dungeon.
You worshipped Trog.
Trog was extremely pleased with you.
You were very hungry.

You visited 1 branch of the dungeon, and saw 6 of its levels.

You collected 254 gold pieces.
You spent 171 gold pieces at shops.

Inventory:

Hand Weapons
 a - a +2 war axe of pain (weapon)
   (You bought it in a shop on level 4 of the Dungeon)
 r - a +1 hand axe
Missiles
 g - 2 tomahawks of dispersal {=f}
Armour
 k - a +1 cloak (worn)
   (You found it on level 2 of the Dungeon)
 p - a +2 hat (worn)
   (You found it on level 2 of the Dungeon)
 B - the +2 ring mail of Fashionability (worn) {MR+ Int+9}
   (You found it on level 5 of the Dungeon)

   It affects your intelligence (+9).
   It affects your resistance to hostile enchantments.
Jewellery
 s - a +3 ring of strength (left hand)
   (You found it on level 4 of the Dungeon)
Wands
 j - a wand of disintegration (3/24)
   (You found it on level 2 of the Dungeon)
Scrolls
 b - 4 scrolls of remove curse
 e - 2 scrolls of fear
 h - 6 scrolls of identify
 y - a scroll of enchant weapon
Potions
 d - 3 potions of might
 i - 3 potions of degeneration {unknown}
 m - a potion of beneficial mutation {unknown}
 n - a potion of flight {unknown}
 u - a potion of magic {unknown}
 v - a potion of invisibility {unknown}
 w - a potion of berserk rage {unknown}
 x - 2 potions of cancellation {unknown}
Comestibles
 c - 6 bread rations
 f - 5 meat rations
 l - 2 chunks of flesh
 z - a royal jelly


   Skills:
 - Level 3.6 Fighting
 + Level 14.0 Axes
 - Level 2.4 Armour
 - Level 2.1 Dodging


You had 8 spell levels left.
You didn't know any spells.

Dungeon Overview and Level Annotations

Branches:
Dungeon (6/15)             Temple (0/1) D:6

Altars:
Makhleb
Qazlal
The Shining One

Shops:
D:4 (

Annotations:
D:5 Prince Ribbit


Innate Abilities, Weirdness & Mutations

You reflexively headbutt those who attack you in melee.
You have a pair of horns on your head.


Message History

Prince Ribbit hits you but does no damage.
You climb upwards.
There is a stone staircase leading down here.
You closely miss Prince Ribbit.
Prince Ribbit blinks!
You climb downwards.
There is a stone staircase leading up, spattered with blood here.
You start resting.
A scorpion comes into view.
A scorpion is nearby!
A red film seems to cover your vision as you go berserk!
You feel yourself moving faster!
You feel mighty!
You feel a lot more hungry. The scorpion stings you.
You slash the scorpion! You headbutt the scorpion!
You kill the scorpion!
Trog accepts your kill.
You feel a strong urge to attack something.
Items here: )) [ † a plate armour; a short sword; a spear; a gnoll corpse You see here a gnoll corpse.
You butcher the gnoll corpse.
You feel your anger subside.
l - a chunk of flesh You are no longer berserk.
Trog's vigour flows through your veins.
You are exhausted.
You feel yourself slow down.
Items here: )) [ † a plate armour; a short sword; a spear; a gnoll corpse
c - 6 bread rations (gained 1)
Items here: )) [ † a plate armour; a short sword; a spear; a gnoll corpse A bullfrog comes into view.
The bullfrog croaks.
There is a stone staircase leading up, spattered with blood here.
You start resting.
A bullfrog is nearby!
The bullfrog hits you but does no damage.
The bullfrog hits you.
You slash the bullfrog!
The bullfrog hits you but does no damage. x2
You barely miss the bullfrog. The bullfrog barely misses you.
You furiously retaliate!
You headbutt the bullfrog!
You kill the bullfrog!
Trog accepts your kill.
Your Axes skill increases to level 14!
You see here a bullfrog corpse.
You butcher the bullfrog corpse.
l - 3 chunks of flesh (gained 2)
There is a stone staircase leading up, spattered with blood here.
You start resting.
You feel yourself speed up.
You start resting.
You feel less exhausted.
You start resting.
Some of the chunks of flesh in your inventory have rotted away.
A worker ant comes into view.
The worker ant twitches its antennae in your direction.
You climb upwards.
Level annotation: Prince Ribbit
There is a stone staircase leading down here.
Prince Ribbit blinks!
Prince Ribbit barely misses you. You furiously retaliate!
You headbutt Prince Ribbit. Prince Ribbit closely misses you.
You furiously retaliate!
You headbutt Prince Ribbit, but do no damage.
A red film seems to cover your vision as you go berserk!
You feel yourself moving faster!
You feel mighty!
You are feeling hungry.
Prince Ribbit hits you!
You miss Prince Ribbit. Your headbutt misses Prince Ribbit.
Prince Ribbit hits you!
You completely miss Prince Ribbit. Your headbutt misses Prince Ribbit.
Prince Ribbit blinks!
You feel a strong urge to attack something.
You are feeling very hungry.
Prince Ribbit blinks!
You feel your anger subside.
You are no longer berserk.
You are exhausted.
You feel yourself slow down.
Prince Ribbit hits you but does no damage.
You slash Prince Ribbit! Prince Ribbit misses you.
You closely miss Prince Ribbit. Prince Ribbit hits you. Prince Ribbit hits you!
You barely miss Prince Ribbit. Your headbutt misses Prince Ribbit.
Prince Ribbit hits you but does no damage. x2
Prince Ribbit hits you! Prince Ribbit closely misses you.
Prince Ribbit blinks!
Prince Ribbit hits you!
* * * LOW HITPOINT WARNING * * *
Prince Ribbit hits you!
* * * LOW HITPOINT WARNING * * *
Prince Ribbit hits you.
* * * LOW HITPOINT WARNING * * *
There is a stone staircase leading down, spattered with blood here.
Okay, then.
You feel better. Prince Ribbit hits you!
* * * LOW HITPOINT WARNING * * *
Prince Ribbit hits you!
You die...

.............### ##.##
####...........# #####<[.# #
#.#######.#.# #.....#.. ####.##
#.#.# #.###...#
##....######.#.###### #.# ##.##
...#.............>..# ##.## #.#.
####..#####..#.####.####...###.#.
#).# #..#.##..............#. #<.#
###....F@[###.##...###...
####..###......................).
.................................
##.##..........P.....####..####..
#...####.#.P####..####..####..(..
.........#..#..##'#.(#..#..#))#..
#...######..#.)#..#..#'##))#..#..
##.## #.##'##.(#'##..#'##(##..
##.#######.#...##)#........#..#..


You could see Prince Ribbit.

Vanquished Creatures
  The ghost of sheala the Sneak, a novice DEEn of Vehumet (D:5)
  The ghost of RKaid the Chopper, an amateur MiFi (D:4)
  The ghost of RKaid the Chopper, an amateur MiFi (D:3)
  An orc warrior (D:6)
  2 phantoms
  A sky beast (D:5)
  2 centaurs (D:5)
  A bullfrog (D:6)
  2 scorpions (D:6)
  5 crimson imps
  2 hounds
  2 orc priests (D:4)
  Ijyb (D:2)
  A worker ant (D:4)
  A hound skeleton (D:5)
  Robin (D:2)
  23 gnolls
  20 adders
  A river rat (D:3)
  A shadow imp (D:4)
  An ooze (D:2)
  A worm (D:3)
  A dart slug (D:1)
  8 leopard geckos
  20 orcs
  3 giant cockroaches
  22 goblins
  16 hobgoblins
  7 jackals (D:2)
  2 quokkas
  3 ball pythons
  5 bats
  2 frilled lizards
  6 kobolds
  9 rats
176 creatures vanquished.

Notes
Turn   | Place    | Note
-------+----------+-------------------------------------------
     0 | D:1      | RKaid the Minotaur Berserker began the quest for the Orb.
     0 | D:1      | Reached XP level 1. HP: 19/19 MP: 0/0
   100 | D:1      | Reached skill level 4 in Axes
   143 | D:1      | Reached XP level 2. HP: 25/26 MP: 1/1
   652 | D:2      | Noticed Robin
   657 | D:2      | Reached skill level 5 in Axes
   662 | D:2      | Reached XP level 3. HP: 31/31 MP: 2/2
   663 | D:2      | Killed Robin
   914 | D:2      | Reached ** piety under Trog
  1201 | D:2      | Noticed Ijyb
  1206 | D:2      | Reached XP level 4. HP: 39/39 MP: 3/3
  1210 | D:2      | Killed Ijyb
  1210 | D:2      | Reached skill level 6 in Axes
  1326 | D:2      | Found a stormy altar of Qazlal.
  1479 | D:3      | Noticed RKaid's ghost (amateur MiFi)
  1491 | D:3      | Killed RKaid's ghost
  1491 | D:3      | Reached skill level 8 in Axes
  1491 | D:3      | Reached XP level 5. HP: 41/45 MP: 4/4
  1507 | D:3      | Reached XP level 6. HP: 34/51 MP: 5/5
  2077 | D:3      | Reached *** piety under Trog
  2107 | D:3      | Reached skill level 9 in Axes
  3025 | D:4      | Noticed RKaid's ghost (amateur MiFi)
  3031 | D:4      | Killed RKaid's ghost
  3031 | D:4      | Reached XP level 7. HP: 57/57 MP: 6/6
  3189 | D:4      | Found a glowing golden altar of the Shining One.
  3239 | D:4      | Reached skill level 10 in Axes
  3556 | D:4      | Reached **** piety under Trog
  3674 | D:4      | Reached skill level 11 in Axes
  3825 | D:4      | Found Guop Qass's Antique Weapon Boutique.
  3830 | D:4      | Bought a glowing war axe for 171 gold pieces
  4056 | D:5      | Entered Level 5 of the Dungeon
  4057 | D:5      | Reached XP level 8. HP: 64/64 MP: 7/7
  4192 | D:5      | Noticed sheala's ghost (novice DEEn)
  4199 | D:5      | Killed sheala's ghost
  4199 | D:5      | Reached skill level 12 in Axes
  4625 | D:5      | Got a jasper-encrusted ring mail
  4666 | D:5      | Reached skill level 13 in Axes
  4758 | D:5      | Identified the +2 ring mail of Fashionability {MR+ Int+9} (You found it on level 5 of the Dungeon)
  4809 | D:5      | Found a burning altar of Makhleb.
  4922 | D:5      | Reached ***** piety under Trog
  5217 | D:6      | Found a staircase to the Ecumenical Temple.
  5220 | D:6      | Noticed Prince Ribbit
  5242 | D:6      | Reached XP level 9. HP: 56/70 MP: 8/8
  5380 | D:6      | Reached skill level 14 in Axes
  5483 | D:5      | HP: 10/70 [Prince Ribbit (11)]
  5485 | D:5      | Slain by Prince Ribbit

Skill      XL: |  1  2  3  4  5  6  7  8  9 |
---------------+----------------------------+-----
Axes           | 4 5 8 9 11 13 14 | 14.0
Fighting       | |  3.6
Armour         | |  2.4
Dodging        | |  2.1

Action                   |  1- 3 |  4- 6 |  7- 9 || total
-------------------------+-------+-------+-------++-------
Melee: Hand axe          |    61 |   151 |    86 ||   298
       Headbutt          |     6 |    21 |    40 ||    67
       War axe           |       |       |   150 ||   150
Invok: Berserk           |     1 |     4 |     6 ||    11
       Burn Spellbooks   |       |       |     1 ||     1
  Use: Scroll            |       |       |    10 ||    10
       Potion            |       |       |     2 ||     2
 Stab: Distracted        |       |       |     1 ||     1
  Eat: Chunk             |     2 |     9 |     9 ||    20
       Beef jerky        |       |       |     3 ||     3
Armor: Animal skin       |     6 |       |       ||     6
       Chain mail        |    11 |    93 |    80 ||   184
       Ring mail         |       |       |    23 ||    23
Dodge: Dodged            |    46 |    47 |    75 ||   168

Vault maps used:
D:1:      saegor_arrival_simple_d
D:2:      marbit_many_paths, uniq_iyjb, uniq_robin
D:3:      gup_sewer_entry_bubbles, saegor_snake_ambush
D:4:      serial_shops, nicolae_shop_overgrown_old_shop, minivault_11,
          nicolae_tso_carved_into_rock
D:5:      corexii_shantytown, old_standard_altar, first_bread
D:6:      chequers_temple_overflow_statue_of_worship, lemuel_round_altar,
          kennysheep_generic_room_15, uniq_blork_the_orc, uniq_prince_ribbit1,
          uniq_edmund

Table legend:
 A = Turns spent in this place as a percentage of turns spent in the entire game.
 B = Non-inter-level travel turns spent in this place as a percentage of non-inter-level travel turns spent in the entire game.
 C = Inter-level travel turns spent in this place as a percentage of turns spent in this place.
 D = Turns resting spent in this place as a percentage of non-inter-level travel turns spent in this place.
 E = Turns spent auto-exploring this place as a percentage of non-inter-level travel turns spent in this place.
 F = Non-inter-level travel turns spent in this place divided by the number of levels of this place that you've seen.
                   A       B       C       D       E      F
               +-------+-------+-------+-------+-------+----------------------
         Total | 100.0 | 100.0 |   0.2 |   3.6 |  11.3 | 287.0
       Dungeon | 100.0 | 100.0 |   0.2 |   3.6 |  11.3 | 287.0
               +-------+-------+-------+-------+-------+----------------------

Table legend:
 A = Kills in this place as a percentage of kills in entire the game.
 B = Kills by you in this place as a percentage of kills by you in the entire game.
 C = Kills by friends in this place as a percentage of kills by friends in the entire game.
 D = Other kills in this place as a percentage of other kills in the entire game.
 E = Experience gained in this place as a percentage of experience gained in the entire game.
 F = Experience gained in this place divided by the number of levels of this place that you have seen.
                   A       B       C       D       E      F
               +-------+-------+-------+-------+-------+----------------------
         Total | 100.0 | 100.0 |  -nan |  -nan | 100.0 | 508.3
       Dungeon | 100.0 | 100.0 |  -nan |  -nan | 100.0 | 508.3
               +-------+-------+-------+-------+-------+----------------------
